 Dungeon Crawl Stone Soup version 0.22-a0-247-gbddf880 (webtiles) character file.

179 wolfsongas the Ducker (level 5, -1/37 HPs)
             Began as a Gnoll Wanderer on Feb 23, 2018.
             Slain by a gnoll
             ... wielding a +0 whip
              (4 damage)
             ... on level 4 of the Dungeon.
             The game lasted 00:05:06 (3342 turns).

wolfsongas the Ducker (Gnoll Wanderer)              Turns: 3342, Time: 00:05:06

Health: -1/37      AC:  8    Str: 18 (20) XL:     5   Next: 59%
Magic:  9/9        EV: 12    Int: 13      God:
Gold:   64         SH:  0    Dex: 16      Spells: 10/10 levels left

rFire    . . .     SeeInvis .   d - +1 dagger
rCold    . . .     Gourm    .   (no shield)
rNeg     . . .     Faith    .   f - +0 scale mail
rPois    .         Spirit   .   i - +0 helmet
rElec    .         Reflect  .   (no cloak)
rCorr    .         Harm     .   b - +0 pair of gloves
MR       .....                  (no boots)
Stlth    +.........             (no amulet)
HPRegen  0.12/turn              g - +2 ring of slaying
MPRegen  0.11/turn              (no ring)

@: mighty
A: distributed training, fangs 1, strong nose
a: no special abilities


You were on level 4 of the Dungeon.
You were not hungry.

You visited 1 branch of the dungeon, and saw 4 of its levels.

You collected 64 gold pieces.

Inventory:

Hand Weapons
 d - a +1 dagger (weapon)
Armour
 b - a +0 pair of gloves (worn)
 f - a +0 scale mail (worn)
 i - a +0 helmet (worn)
Jewellery
 g - a +2 ring of slaying (left hand)
Scrolls
 j - a scroll of teleportation
Potions
 a - a potion of magic
 c - a potion of lignification
 h - 2 potions of curing
 k - a potion of mutation {unknown}
Comestibles
 l - 2 chunks of flesh
 m - 3 rations


   Skills:
 + Level 1.5 Fighting
 + Level 1.5 Short Blades
 + Level 4.8 Long Blades
 + Level 1.5 Axes
 + Level 1.5 Maces & Flails
 + Level 1.5 Polearms
 + Level 1.5 Staves
 + Level 1.5 Slings
 + Level 1.5 Bows
 + Level 1.5 Crossbows
 + Level 3.0 Throwing
 + Level 1.5 Armour
 + Level 4.8 Dodging
 + Level 2.8 Stealth
 + Level 1.5 Shields
 + Level 1.5 Unarmed Combat
 + Level 3.2 Spellcasting
 + Level 1.2 Conjurations
 + Level 1.2 Hexes
 + Level 1.2 Charms
 + Level 1.2 Summonings
 + Level 1.2 Necromancy
 + Level 1.2 Translocations
 + Level 1.2 Transmutations
 + Level 1.2 Fire Magic
 + Level 1.2 Ice Magic
 + Level 1.2 Air Magic
 + Level 4.0 Earth Magic
 + Level 1.2 Poison Magic
 + Level 1.7 Invocations
 + Level 3.0 Evocations


You had 10 spell levels left.
You didn't know any spells.

Dungeon Overview and Level Annotations

Branches:
Dungeon (4/15)
 Temple: D:4-7

Altars:
Ru


Innate Abilities, Weirdness & Mutations

Your experience applies equally to all skills.
You have very sharp teeth.
Your uncanny sense of smell can sniff out nearby items.


Message History

The gnoll hits you with a spear!
* * * LOW HITPOINT WARNING * * *
Things that are here:
a halberd; a gnoll corpse You closely miss the gnoll.
You bite the gnoll.
The gnoll is moderately wounded.
The gnoll hits you with a spear.
* * * LOW HITPOINT WARNING * * *
You puncture the gnoll!
The gnoll is severely wounded.
The gnoll hits you with a spear.
* * * LOW HITPOINT WARNING * * *
You hit the gnoll.
You kill the gnoll!
Your Earth Magic skill increases to level 4!
The gnoll completely misses you.
You hit the gnoll.
The gnoll is heavily wounded.
The gnoll hits you with a whip.
You die...

### ..# #.# #.#
....# #.# ∆
#..###.#######
#.#
#......@g....# .
#.#.#
#..###†#####.#
.##.#.# #..# #.#
....#.# #..# #.#
....#.# #..# #.#
....#.####..###.#
................#
............#####
.......####.#


You could see a gnoll.

Vanquished Creatures
  7 gnolls
  3 adders
  5 worms
  A dart slug (D:2)
  A ball python (D:3)
  7 giant cockroaches
  8 goblins
  7 hobgoblins
  8 kobolds
  2 quokkas
  9 bats
  6 frilled lizards
  8 rats
72 creatures vanquished.

Vanquished Creatures (others)
  A plant (D:2)
1 creature vanquished.

Grand Total: 73 creatures vanquished

Notes
Turn   | Place    | Note
-------+----------+-------------------------------------------
     0 | D:1      | wolfsongas the Gnoll Wanderer began the quest for the Orb.
     0 | D:1      | wolfsongas set off with: a +2 leather armour, a ration, a potion of lignification, a +0 dagger
     0 | D:1      | Reached XP level 1. HP: 13/13 MP: 4/4
   108 | D:1      | Reached XP level 2. HP: 16/19 MP: 5/5
   974 | D:1      | Reached XP level 3. HP: 25/25 MP: 7/7
  1420 | D:2      | Reached skill level 1 in Invocations
  1712 | D:2      | Reached skill level 1 in Fighting
  1712 | D:2      | Reached skill level 1 in Short Blades
  1712 | D:2      | Reached skill level 1 in Axes
  1712 | D:2      | Reached skill level 1 in Maces & Flails
  1712 | D:2      | Reached skill level 1 in Polearms
  1712 | D:2      | Reached skill level 1 in Staves
  1712 | D:2      | Reached skill level 1 in Slings
  1712 | D:2      | Reached skill level 1 in Bows
  1712 | D:2      | Reached skill level 1 in Crossbows
  1712 | D:2      | Reached skill level 1 in Armour
  1712 | D:2      | Reached skill level 1 in Shields
  1712 | D:2      | Reached skill level 1 in Unarmed Combat
  2102 | D:2      | Reached XP level 4. HP: 23/32 MP: 8/8
  2713 | D:2      | Reached skill level 1 in Conjurations
  2713 | D:2      | Reached skill level 1 in Hexes
  2713 | D:2      | Reached skill level 1 in Charms
  2713 | D:2      | Reached skill level 1 in Summonings
  2713 | D:2      | Reached skill level 1 in Necromancy
  2713 | D:2      | Reached skill level 1 in Translocations
  2713 | D:2      | Reached skill level 1 in Transmutations
  2713 | D:2      | Reached skill level 1 in Fire Magic
  2713 | D:2      | Reached skill level 1 in Ice Magic
  2713 | D:2      | Reached skill level 1 in Air Magic
  2713 | D:2      | Reached skill level 1 in Poison Magic
  2717 | D:2      | Reached XP level 5. HP: 37/37 MP: 9/9
  3135 | D:3      | Found a sacrificial altar of Ru.
  3172 | D:3      | Found a faded altar of an unknown god.
  3342 | D:4      | Slain by a gnoll

Vault maps used:
D:1:      dpeg_arrival_chase
D:2:      guppyfry_early_lair_pool
D:3:      chequers_ecumenical_altar_island, first_ration, columned_hall_lemuel,
          nicolae_ru_path_of_blood
D:4:      kennysheep_nub

Skill      XL: |  1  2  3  4  5 |
---------------+----------------+-----
Invocations    | 1 |  1.7
Fighting       | 1 |  1.5
Short Blades   | 1 |  1.5
Axes           | 1 |  1.5
Maces & Flails | 1 |  1.5
Polearms       | 1 |  1.5
Staves         | 1 |  1.5
Slings         | 1 |  1.5
Bows           | 1 |  1.5
Crossbows      | 1 |  1.5
Armour         | 1 |  1.5
Shields        | 1 |  1.5
Unarmed Combat | 1 |  1.5
Spellcasting   | 3 |  3.2
Conjurations   | 1 |  1.2
Hexes          | 1 |  1.2
Charms         | 1 |  1.2
Summonings     | 1 |  1.2
Necromancy     | 1 |  1.2
Translocations | 1 |  1.2
Transmutations | 1 |  1.2
Fire Magic     | 1 |  1.2
Ice Magic      | 1 |  1.2
Air Magic      | 1 |  1.2
Poison Magic   | 1 |  1.2
Throwing       | 3 |  3.0
Evocations     | 3 |  3.0
Earth Magic    | 4 |  4.0
Long Blades    | |  4.8
Dodging        | |  4.8
Stealth        | |  2.8

Action                   |  1- 3 |  4- 6 || total
-------------------------+-------+-------++-------
Melee: Dagger            |   168 |   134 ||   302
       Bite              |    16 |    14 ||    30
  Use: Potion            |     1 |     4 ||     5
       Scroll            |     2 |     5 ||     7
 Stab: Sleeping          |     2 |       ||     2
       Distracted        |     1 |       ||     1
  Eat: Chunk             |     3 |     2 ||     5
       Ration            |     1 |       ||     1
Armor: Leather armour    |    33 |       ||    33
       Scale mail        |    19 |    52 ||    71
Dodge: Dodged            |    97 |    94 ||   191

Table legend:
 A = Spawn XP
 B = Non-spawn XP
 C = Spawn XP percentage of total XP
 D = Spawn monster count
 E = Non-spawn monster count
 F = Spawn count percentage of total count
 G = Total turns spent on level
                    A         B        C        D         E        F      G
               +---------+---------+-------+---------+---------+-------+---------
         Total |       0 |     256 |   0.0 |       0 |      72 |   0.0 |  3342
               +---------+---------+-------+---------+---------+-------+---------
           D:1 |       0 |      38 |   0.0 |       0 |      25 |   0.0 |  1202
           D:2 |       0 |     127 |   0.0 |       0 |      24 |   0.0 |  1644
           D:3 |       0 |      46 |   0.0 |       0 |      19 |   0.0 |   457
           D:4 |       0 |      45 |   0.0 |       0 |       4 |   0.0 |    39
               +---------+---------+-------+---------+---------+-------+---------
